 Dungeon Crawl Stone Soup version 0.23.2-33-g5129a83184 (webtiles) character file.

Game seed: 18121681479082914055

98 DorianNounverber the Digger (level 4, -2/25 HPs)
             Began as a Gargoyle Earth Elementalist on July 19, 2019.
             Slain by a gnoll
             ... wielding a +0 halberd
              (5 damage)
             ... on level 2 of the Dungeon.
             The game lasted 00:04:22 (1914 turns).

DorianNounverber the Digger (GrEE)                  Turns: 1914, Time: 00:04:22

Health: -2/25      AC:  5    Str: 11    XL:     4   Next: 71%
Magic:  0/8        EV: 12    Int: 17    God:
Gold:   77         SH:  0    Dex: 10    Spells: 5/9 levels left

rFire    . . .     SeeInvis .   e - +0 club
rCold    . . .     Gourm    .   (no shield)
rNeg     + . .     Faith    .   c - +0 robe
rPois    ∞         Spirit   .   (no helmet)
rElec    +         Reflect  .   (no cloak)
rCorr    .         Harm     .   (no gloves)
MR       .....                  (no boots)
Stlth    ++........             (no amulet)
HPRegen  0.08/turn              (no ring)
MPRegen  0.11/turn              (no ring)

@: no status effects
A: negative energy resistance 1, electricity resistance, unbreathing,
petrification resistance, rot immunity, AC +3
a: no special abilities


You were on level 2 of the Dungeon.
You were hungry.

You visited 1 branch of the dungeon, and saw 2 of its levels.

You collected 77 gold pieces.

Inventory:

Hand Weapons
 e - a +0 club (weapon)
Missiles
 b - 41 stones (quivered)
Armour
 c - a +0 robe (worn)
Scrolls
 a - 4 scrolls of magic mapping {unknown}
 f - 2 scrolls of teleportation {unknown}
 h - 2 scrolls of identify {unknown}
 i - a scroll of enchant weapon {unknown}
 j - a scroll of fog {unknown}
Potions
 g - a potion of agility {unknown}
 k - 4 potions of curing {unknown}
Comestibles
 d - 7 rations


   Skills:
 + Level 1.5 Fighting
 + Level 2.1 Dodging
 - Level 2.1 Stealth
 * Level 3.0 Spellcasting
   Level 0.7 Transmutations
 * Level 4.7 Earth Magic


You had 5 spell levels left.
You knew the following spells:

 Your Spells              Type           Power        Failure   Level  Hunger
a - Sandblast             Erth           ###...       2%          1    None
b - Stone Arrow           Conj/Erth      ##....       21%         3    ###....

Your spell library contained the following spells:

 Spells                   Type           Power        Failure   Level  Hunger
 Passwall                 Tmut/Erth      ##......     9%          2    ##.....
 Petrify                  Tmut/Erth      ##......     50%         4    ####...
 Lee's Rapid Deconstruct  Erth           ###.......   56%         5    ######.


Dungeon Overview and Level Annotations

Branches:
Dungeon (2/15)

Altars:


Innate Abilities, Weirdness & Mutations

You are resistant to torment.
Your stone body is resilient. (AC +3)
You are immune to poison.
You resist negative energy. (rN+)
You are resistant to electric shocks. (rElec)
You can survive without breathing.
You are immune to petrification.
You are immune to rotting.


Message History

The blast of sand hits the gnoll!
You kill the gnoll!
b - 42 stones You see here a stone.
Casting: Sandblast (safe; 2% risk of failure)
Confirm with . or Enter, or press ? or * to list all spells.
Aiming: Sandblast (safe; 2% risk of failure)
Press: ? - help, Shift-Dir - straight line, f - gnoll
Aim: a gnoll, wielding a +0 halberd The blast of sand hits the gnoll.
The gnoll is heavily wounded.
b - 41 stones The gnoll barely misses you.
The gnoll hits you with a +0 halberd!
* * * LOW HITPOINT WARNING * * *
You hit the gnoll but do no damage.
The gnoll is heavily wounded.
You are feeling hungry.
The gnoll hits you with a +0 halberd.
You die...

#.gg# #..g# #...#
#.g.# #...# ...
##########.# ####
#.....(.##)##.....
#.@g.....)#.......
#...(...##.##.....
##########.########
#...#......
#...#......
#...#......
#...#######
#...#......
#...#.#####


You could see a gnoll.

Vanquished Creatures
  Natasha (D:2)
  3 gnolls (D:2)
  An ooze (D:2)
  A leopard gecko (D:1)
  A giant cockroach (D:1)
  7 goblins (D:1)
  6 hobgoblins
  4 jackals (D:1)
  A quokka (D:2)
  2 bats
  5 kobolds
  7 rats
39 creatures vanquished.

Notes
Turn   | Place    | Note
-------+----------+-------------------------------------------
     0 | D:1      | DorianNounverber the Gargoyle Earth Elementalist began the
                  | quest for the Orb.
     0 | D:1      | Reached XP level 1. HP: 10/10 MP: 3/3
   297 | D:1      | Reached XP level 2. HP: 9/16 MP: 5/5
   601 | D:1      | Reached skill level 4 in Earth Magic
   983 | D:1      | Reached XP level 3. HP: 20/20 MP: 6/6
   988 | D:1      | Learned a level 3 spell: Stone Arrow
  1187 | D:1      | Reached skill level 1 in Fighting
  1799 | D:2      | Noticed Natasha
  1802 | D:2      | Killed Natasha
  1802 | D:2      | Reached XP level 4. HP: 25/25 MP: 3/8
  1914 | D:2      | Slain by a gnoll

Skill      XL: |  1  2  3  4 |
---------------+-------------+-----
Earth Magic    | 4 |  4.7
Fighting       | 1 |  1.5
Dodging        | 2 |  2.1
Spellcasting   | 3 |  3.0
Stealth        | |  2.1
Transmutations | |  0.7

Action                   |  1- 3 |  4- 6 || total
-------------------------+-------+-------++-------
Melee: Club              |   129 |     6 ||   135
       Unarmed           |     7 |       ||     7
 Cast: Sandblast         |     8 |    13 ||    21
 Stab: Sleeping          |     2 |       ||     2
  Eat: Chunk             |     3 |       ||     3
Armor: Robe              |    49 |     3 ||    52
Dodge: Dodged            |   127 |     5 ||   132
